 Seeded DCSS version 0.27-a0-1158-gaa87e14f67 (webtiles) character file.

Game seed: 6919691055512990457 (custom seed)

1646 donath the Chucker (level 8, -8/54 HPs)
             Began as an Octopode Transmuter on May 14, 2021.
             Was a Believer of Cheibriados.
             Mangled by a wyvern skeleton (11 damage)
             ... on level 7 of the Dungeon on May 16, 2021.
             The game lasted 00:52:21 (6747 turns).

donath the Chucker (Octopode Transmuter)            Turns: 6747, Time: 00:52:21

Health: -8/54      AC:  4    Str: 13    XL:     8   Next: 99%
Magic:  12/12      EV: 14    Int: 21    God:    Cheibriados [**....]
Gold:   274        SH:  7    Dex: 23    Spells: 7/13 levels left

rFire    . . .     SeeInvis .     - Unarmed
rCold    . . .     Faith    .   x - +1 buckler {AC+3}
rNeg     . . .     Spirit   .   (helmet restricted)
rPois    .         Reflect  .   (no amulet)
rElec    .         Harm     .   s - +6 ring of dexterity
rCorr    .         Rampage  .   I - ring of flight
Will     .....                  (no ring)
Stlth    +++.......             (no ring)
HPRegen  0.18/turn              (no ring)
MPRegen  0.13/turn              (no ring)
                                (no ring)
                                (no ring)

@: flying, hasted, quick
A: almost no armour, amphibious, 8 rings, camouflage 1, gelatinous body 1,
(nimble swimmer 1), tentacles
a: Renounce Religion, Bend Time


You were on level 7 of the Dungeon.
You worshipped Cheibriados.
Cheibriados was pleased with you.
You visited 2 branches of the dungeon, and saw 8 of its levels.

You collected 324 gold pieces.
You spent 50 gold pieces at shops.

Inventory:

Hand Weapons
 b - a +5 vorpal hunting sling
 l - a +0 trident
 p - a +0 flail
Missiles
 a - 140 stones (quivered)
 t - 10 sling bullets
 u - 58 bolts
 w - 79 arrows
 A - 20 poisoned darts
 E - 2 throwing nets
Armour
 i - a +0 tower shield
 x - a +1 buckler of protection (worn)
Magical Staves
 j - a staff of cold
Jewellery
 s - a +6 ring of dexterity (left tentacle)
 y - a ring of fire
 I - a ring of flight (right tentacle)
Wands
 H - a wand of flame (13)
Scrolls
 d - 3 scrolls of enchant weapon {unknown}
 e - 5 scrolls of identify {unknown}
 h - 4 scrolls of acquirement
 k - 2 scrolls of fog
 r - a scroll of fear {unknown}
 v - a scroll of magic mapping {unknown}
 z - 2 scrolls of teleportation
 C - a scroll of amnesia {unknown}
 F - 2 scrolls of vulnerability {unknown}
 G - a scroll of immolation {unknown}
 J - a scroll of enchant armour {unknown}
 K - a scroll of torment {unknown}
Potions
 c - a potion of magic {unknown}
 f - 2 potions of might {unknown}
 g - a potion of berserk rage {unknown}
 m - 3 potions of haste
 n - a potion of lignification {unknown}
 o - 2 potions of heal wounds {unknown}
 q - a potion of resistance {unknown}
 B - a potion of curing {unknown}
 L - a potion of degeneration {unknown}
Miscellaneous
 D - a piece from Xom's chessboard (15/15)


   Skills:
 - Level 4.0 Fighting
 + Level 3.4(5.1) Slings
 - Level 6.0(6.4) Throwing
 - Level 2.0 Dodging
 + Level 1.9 Stealth
 - Level 4.0 Shields
 - Level 4.3 Unarmed Combat
 - Level 3.0 Spellcasting
 - Level 3.0 Transmutations
 - Level 3.0 Poison Magic
 - Level 2.0 Invocations


You had 7 spell levels left.
You knew the following spells:

 Your Spells              Type           Power      Damage    Failure   Level
a - Beastly Appendage     Tmut           30%        N/A       3%          1
b - Wereblood             Tmut           15%        N/A       6%          2
c - Spider Form           Tmut/Pois      7%         N/A       12%         3

Your spell library contained the following spells:

 Spells                   Type           Power      Damage    Failure   Level
 Ice Form                 Ice/Tmut       9%         N/A       56%         4
 Hydra Form               Tmut           7%         N/A       71%         5


Dungeon Overview and Level Annotations

Branches:
Dungeon (7/15)             Temple (1/1) D:4

Altars:
Ashenzari
Cheibriados
Dithmenos
Elyvilon
Hepliaklqana
Kikubaaqudgha
Makhleb
Nemelex Xobeh
Okawaru
Qazlal
Ru
Sif Muna
Trog
Uskayaw
Vehumet
Xom
Yredelemnul
Zin
The Shining One

Shops:
D:4 *[?


Innate Abilities, Weirdness & Mutations

You cannot wear most types of armour.
You are amphibious.
You can wear up to eight rings at the same time.
Your skin changes colour to match your surroundings (Stealth+).
Your rubbery body absorbs attacks. (AC +1, EV +1)
((You are camouflaged near water. (Stealth+)))
You have tentacles for arms and can constrict up to eight enemies at once.


Message History

Your flying speed is very slow.
Your attack delay is about 0.9.
Your base attributes are Str 9, Int 17, Dex 13.
Unknown command.
You start resting.
A wyvern skeleton comes into view.
Okay, then.
Okay, then.
Okay, then.
Fire: 12 sling bullets
Press: ? - help, Q - select action, (/) - cycle Shift-Dir - straight line, f - wyvern skeleton
Aim: a wyvern skeleton (89% to hit)
You shoot a sling bullet.
The sling bullet hits the wyvern skeleton!
The wyvern skeleton is moderately damaged.
Fire: 11 sling bullets
Press: ? - help, Q - select action, (/) - cycle Shift-Dir - straight line, f/p - wyvern skeleton
Aim: a wyvern skeleton (moderately damaged, 89% to hit)
You shoot a sling bullet.
The sling bullet hits the wyvern skeleton.
The wyvern skeleton is heavily damaged.
The wyvern skeleton bites you!
* * * LOW HITPOINT WARNING * * *
Okay, then.
Casting: Spider Form (dangerous; 12% risk of failure)
Confirm with . or Enter, or press ? or * to list all spells.
Okay, then.
Okay, then.
It was a potion of haste.
You feel yourself speed up.
Cheibriados forgives your accidental hurry, just this once.
You block the wyvern skeleton's attack.
You are flying.
Your actions are hasted.
You have 4 tentacles available for constriction.
Your flying speed is average.
Your attack delay is about 0.6.
Your base attributes are Str 9, Int 17, Dex 13.
You are now empty-tentacled.
The wyvern skeleton bites you.
* * * LOW HITPOINT WARNING * * *
You tentacle-slap the wyvern skeleton. You squeeze the wyvern skeleton!
The wyvern skeleton is almost destroyed.
The wyvern skeleton bites you!
You die...

#.#..#...# #...... ..
#.#..#...###.##### #g
.........##..<#### #. ###
##.#..$............ .g ..#
#.#.###..##...###. #g #.#
### #.#.# #..###.## #. #.
#.###.###.#.###..###.# #.
#.#####.##...##.#.#........#
##
#..............@Z(.....#####
#######.##...##........#
#.###.#####.#.#### #.#
#######.#.# #.# #.......#.#
#.##..M######.# #..> #.# ###
#.# #.#


You could see a wyvern skeleton.

Vanquished Creatures
  Menkaure (D:7)
  A necrophage (D:5)
  6 ogres
  A phantom (D:5)
  2 bullfrogs
  A scorpion (D:4)
  A water moccasin skeleton (D:7)
  A jelly (D:4)
  An orc priest (D:2)
  4 hounds
  2 bullfrog skeletons
  2 iguanas (D:4)
  A killer bee zombie (D:6)
  A hound skeleton (D:4)
  A howler monkey zombie (D:6)
  6 gnolls
  6 adders
  5 shadow imps
  A white imp (D:5)
  2 ufetubi
  3 dart slugs
  15 orcs
  5 ball pythons
  3 endoplasms
  2 giant cockroaches
  11 goblins
  9 hobgoblins
  4 jackals (D:4)
  6 quokkas
  2 bats (D:1)
  4 frilled lizards
  4 kobolds
  7 rats
121 creatures vanquished.

Vanquished Creatures (others)
  9 plants (D:5)
9 creatures vanquished.

Grand Total: 130 creatures vanquished

Notes
Turn   | Place    | Note
-------+----------+-------------------------------------------
     0 | D:1      | donath the Octopode Transmuter began the quest for the Orb.
     0 | D:1      | Reached XP level 1. HP: 13/13 MP: 3/3
   108 | D:1      | Reached XP level 2. HP: 11/18 MP: 3/5
   111 | D:1      | Learned a level 2 spell: Wereblood
   604 | D:1      | Reached XP level 3. HP: 19/23 MP: 6/6
  1334 | D:2      | Reached skill level 1 in Stealth
  1651 | D:2      | Reached XP level 4. HP: 24/29 MP: 5/7
  2363 | D:2      | Found a faded altar of an unknown god.
  2486 | D:3      | Found a white marble altar of Elyvilon.
  2487 | D:3      | Found a basalt altar of Yredelemnul.
  2511 | D:3      | Found a broken altar of Ashenzari.
  2850 | D:3      | Reached XP level 5. HP: 36/36 MP: 5/8
  3005 | D:3      | Learned a level 3 spell: Spider Form
  3199 | D:4      | Noticed an ogre
  3277 | D:4      | Found a staircase to the Ecumenical Temple.
  3286 | Temple   | Entered the Ecumenical Temple
  3575 | Temple   | Upgraded the game from 0.27-a0-1154-gfdeffcb720 to
                  | 0.27-a0-1158-gaa87e14f67
  3577 | Temple   | Became a worshipper of Cheibriados the Contemplative
  3609 | D:4      | Found a shimmering altar of Xom.
  3769 | D:3      | Identified 6 scrolls of acquirement
  3769 | D:3      | Acquired a +1 buckler of protection
  3841 | D:4      | Acquired a +5 vorpal hunting sling
  3882 | D:4      | Reached skill level 1 in Throwing
  3886 | D:4      | Found Qiodac's Magic Scroll Shop.
  3886 | D:4      | Found Poso's Distillery.
  3886 | D:4      | Found Ywnub's General Store.
  3901 | D:4      | Reached skill level 1 in Shields
  3916 | D:4      | Found Lutet's Armour Shop.
  3920 | D:4      | Bought a scroll of fog for 20 gold pieces
  3920 | D:4      | Bought a scroll of teleportation for 30 gold pieces
  3970 | D:4      | Killed an ogre
  3971 | D:4      | Reached skill level 2 in Throwing
  3971 | D:4      | Reached XP level 6. HP: 42/42 MP: 9/9
  4565 | D:5      | Entered Level 5 of the Dungeon
  4565 | D:5      | Found a hazy altar of Hepliaklqana.
  4649 | D:5      | Reached skill level 3 in Throwing
  4649 | D:5      | Reached XP level 7. HP: 43/46 MP: 10/10
  4744 | D:5      | Reached * piety under Cheibriados
  5083 | D:5      | Reached skill level 4 in Throwing
  5329 | D:5      | Reached skill level 1 in Invocations
  5329 | D:5      | Reached XP level 8. HP: 54/54 MP: 11/11
  5685 | D:6      | Reached skill level 5 in Throwing
  5943 | D:6      | Reached skill level 6 in Throwing
  5966 | D:7      | Reached ** piety under Cheibriados
  5967 | D:7      | Reached skill level 1 in Slings
  6472 | D:7      | Found a shadowy altar of Dithmenos.
  6717 | D:7      | Noticed Menkaure
  6732 | D:7      | Killed Menkaure
  6747 | D:7      | Mangled by a wyvern skeleton

Illustrated notes

Levels and vault maps discovered:
D:1:      dpeg_arrival_arbitrary_a, layout_basic
D:2:      layout_loops_ring, shapermc_ecumenical_altar_mp_highgroup
D:3:      layout_basic, nicolae_overflow_hidden_temple, general_overflow_altar
D:4:      layout_basic, xom_butterflies, minmay_temple_entry_statues_pillars,
          grunt_decor_fettered, minmay_shop_grid_forest,
          amcnicky_mini_corridor_feature, serial_bayou_pond_e,
          grunt_ministairs_10
D:5:      layout_cave_pools, nicolae_hepliaklqana_hazy_memory, item_on_display_a
D:6:      layout_rooms
D:7:      layout_loops_ring, grunt_dithmenos_smoke, uniq_menkaure, uniq_joseph
Temple:   oiseaux_autumnal_temple

Skill      XL: |  1  2  3  4  5  6  7  8 |
---------------+-------------------------+-----
Stealth        | 1 |  1.9
Unarmed Combat | 4 |  4.3
Fighting       | 2 3 4 |  4.0
Transmutations | 3 |  3.0
Throwing       | 2 3 4 6 |  6.0
Shields        | 2 3 4 |  4.0
Poison Magic   | 2 3 |  3.0
Invocations    | 1 2 |  2.0
Slings         | 3 |  3.4
Spellcasting   | 3 |  3.0
Dodging        | |  2.0

Action                   |  1- 3 |  4- 6 |  7- 9 || total
-------------------------+-------+-------+-------++-------
Melee: Unarmed           |    91 |    64 |    48 ||   203
       Constrict         |    23 |    15 |    12 ||    50
       Kick              |    19 |     8 |       ||    27
       Tentacles         |     8 |    13 |    12 ||    33
       Punch             |       |     2 |     1 ||     3
 Fire: Hunting sling     |       |    40 |   122 ||   162
Throw: Stone             |       |       |     3 ||     3
 Cast: Beastly Appendage |    22 |    16 |       ||    38
       Wereblood         |     1 |     1 |       ||     2
       Spider Form       |       |       |     2 ||     2
Invok: Bend Time         |       |       |     2 ||     2
Evoke: Wand              |       |       |     2 ||     2
  Use: Scroll            |       |     2 |       ||     2
       Potion            |       |       |     1 ||     1
 Stab: Sleeping          |     4 |     2 |       ||     6
Armor: Skin              |     6 |     2 |    12 ||    20
Dodge: Dodged            |    52 |    38 |    29 ||   119
Block: Buckler           |       |    11 |    16 ||    27

Table legend: (Time is in decaauts)
 A = Elapsed time spent in this place.
 B = Non-inter-level travel time spent in this place.
 C = Inter-level travel time spent in this place.
 D = Time resting spent in this place.
 E = Time spent auto-exploring this place.
 F = Levels seen in this place.
 G = Mean time per level.
                   A        B        C        D        E       F      G
               +--------+--------+--------+--------+--------+-----+--------+
         Total |   7549 |   7318 |    231 |    188 |   3600 |   8 |  943.6 |
       Dungeon |   7227 |   7046 |    181 |    188 |   3337 |   7 | 1032.4 |
        Temple |    321 |    271 |     50 |      0 |    263 |   1 |  321.0 |
               +--------+--------+--------+--------+--------+-----+--------+

Top non-repeatable levels by time:
     D:5: 1304 daAuts
     D:1: 1285 daAuts
     D:2: 1120 daAuts
     D:3: 1076 daAuts
     D:4: 1051 daAuts
     D:6: 842 daAuts
     D:7: 547 daAuts
  Temple: 321 daAuts
